 Dungeon Crawl Stone Soup version 0.20.0-8-g6b59dc7 (webtiles) character file.

44 Ketharn the Conjurer (level 3, -2/19 HPs)
             Began as a Deep Elf Conjurer on May 31, 2017.
             Slain by Robin
             ... wielding a +5 trident of piercing
              (9 damage)
             ... on level 2 of the Dungeon.
             The game lasted 00:05:36 (1445 turns).

Ketharn the Conjurer (Deep Elf Conjurer)            Turns: 1445, Time: 00:05:36

Health: -2/19      AC:  2    Str:  6    XL:     3   Next: 39%
Magic:  6/9        EV: 13    Int: 19    God:
Gold:   46         SH:  0    Dex: 15    Spells: 7/8 levels left

rFire    . . .     SeeInvis .   (no weapon)
rCold    . . .     Gourm    .   (no shield)
rNeg     . . .     Faith    .   a - +0 robe
rPois    .         Spirit   .   (no helmet)
rElec    .         Reflect  .   (no cloak)
rCorr    .         Harm     .   (no gloves)
MR       .....                  (no boots)
Stlth    ++........             (no amulet)
Regen    0.1/turn               (no ring)
MPRegen  0.2/turn               (no ring)

@: very slightly contaminated
A: no striking features
a: no special abilities


You were on level 2 of the Dungeon.
You were not hungry.

You visited 1 branch of the dungeon, and saw 3 of its levels.

You collected 46 gold pieces.

Inventory:

Armour
 a - a +0 robe (worn)
Jewellery
 o - an uncursed ring of flight {unknown}
Scrolls
 d - a scroll of magic mapping {unknown}
 e - 2 scrolls of remove curse
 f - a scroll of fog {unknown}
 h - a scroll of identify {unknown}
 i - a scroll of enchant weapon {unknown}
 j - a scroll of teleportation {unknown}
 m - a scroll of recharging {unknown}
Potions
 k - a potion of resistance {unknown}
 l - a potion of magic {unknown}
Books
 b - a book of Conjurations

   Spells                             Type                      Level
   a - Magic Dart                     Conjuration                  1
   b - Searing Ray                    Conjuration                  2
   c - Dazzling Spray                 Conjuration/Hexes            3
   d - Fulminant Prism                Conjuration/Hexes            4
   e - Force Lance                    Conjuration/Translocation    4
   f - Iskenderun's Mystic Blast      Conjuration                  4
Comestibles
 c - a bread ration
 g - a chunk of flesh
 n - 2 meat rations


   Skills:
 - Level 2.4 Dodging
 - Level 2.4 Stealth
 - Level 3.1 Spellcasting
 * Level 5.6 Conjurations


You had 7 spell levels left.
You knew the following spells:

 Your Spells              Type           Power        Failure   Level  Hunger
a - Magic Dart            Conj           ###.         1%          1    None


Dungeon Overview and Level Annotations

Branches:
Dungeon (3/15)

Altars:

Annotations:
D:2 Robin


Message History

You miscast Magic Dart.
You are very lightly contaminated with residual magic.
Nothing appears to happen.
The goblin hits you but does no damage.
Casting: Magic Dart
Confirm with . or Enter, or press ? or * to list all spells.
Aiming: Magic Dart
Press: ? - help, Shift-Dir - straight line, f/p - goblin
Aim: a goblin (unusually strong)
The magic dart hits the goblin.
You kill the goblin!
Robin hits you from afar with a trident of piercing!
Casting: Magic Dart
Confirm with . or Enter, or press ? or * to list all spells.
Aiming: Magic Dart
Press: ? - help, Shift-Dir - straight line, f - Robin
Aim: Robin, wielding a trident of piercing, wearing an animal skin and wearing a helmet The magic dart hits Robin.
Robin is lightly wounded.
Robin hits you from afar with a trident of piercing!
You die...

...# #..#####.
#..# ##(# ##. #..#
#.####.. #..#
#<...#(# ##..##
####..)# #....####
###.## #.......#
###....#
#†....#.###...##..
#@......#...######
###...##...### #
###..g.........# #
#...##..####...# #
#.###...#
##..######
#.###.#.###
##.......
####.#...#...#
.######
#......#####.# .#
# #....### #.##
... #


You could see Robin.

Vanquished Creatures
  2 dart slugs (D:1)
  6 bats
  11 goblins
  5 hobgoblins
  2 ball pythons
  3 frilled lizards
  4 kobolds (D:1)
  7 rats
40 creatures vanquished.

Notes
Turn   | Place    | Note
-------+----------+-------------------------------------------
     0 | D:1      | Ketharn the Deep Elf Conjurer began the quest for the Orb.
     0 | D:1      | Reached XP level 1. HP: 10/10 MP: 6/6
   319 | D:1      | Reached XP level 2. HP: 15/15 MP: 1/8
   619 | D:1      | Reached skill level 5 in Conjurations
  1039 | D:2      | Reached XP level 3. HP: 19/19 MP: 3/9
  1337 | D:2      | Noticed Robin
  1445 | D:2      | Slain by Robin

Skill      XL: |  1  2 |
---------------+-------+-----
Conjurations   | 5 |  5.6
Dodging        | |  2.4
Stealth        | |  2.4
Spellcasting   | |  3.1

Action                   || total
-------------------------++-------
 Cast: Magic Dart        ||    63
  Use: Scroll            ||     1
  Eat: Chunk             ||     1
Armor: Robe              ||     4
Dodge: Dodged            ||    15
